 Dungeon Crawl Stone Soup version 0.23.2-40-g277498a001 (webtiles) character file.

Game seed: 7026243694983272536

163 Descartes the Skirmisher (level 5, -2/42 HPs)
             Began as a Formicid Abyssal Knight on Oct 1, 2019.
             Was a Believer of Lugonu.
             Slain by Grinder (4 damage)
             ... on level 4 of the Dungeon.
             The game lasted 00:04:51 (3383 turns).

Descartes the Skirmisher (Formicid Abyssal Knight)  Turns: 3383, Time: 00:04:52

Health: -2/42      AC:  7    Str: 18    XL:     5   Next: 72%
Magic:  7/7        EV: 12    Int: 11    God:    Lugonu [**....]
Gold:   88         SH:  0    Dex: 10    Spells: 6/6 levels left

rFire    . . .     SeeInvis +   a - +1 hand axe
rCold    . . .     Gourm    .   (no shield)
rNeg     . . .     Faith    .   h - +2 robe {MR+}
rPois    .         Spirit   .   (helmet unavailable)
rElec    .         Reflect  .   (no cloak)
rCorr    .         Harm     .   n - +0 pair of gloves
MR       +....                  m - +1 pair of boots
Stlth    +.........             (no amulet)
HPRegen  0.14/turn              (no ring)
MPRegen  0.10/turn              (no ring)

@: no status effects
A: permanent stasis, dig shafts and tunnels, four strong arms, antennae 3
a: Dig, Shaft Self, Depart the Abyss, Bend Space, Renounce Religion


You were on level 4 of the Dungeon.
You worshipped Lugonu.
Lugonu was pleased with you.
You were not hungry.

You visited 1 branch of the dungeon, and saw 4 of its levels.
You visited the Abyss 1 time.

You collected 88 gold pieces.

Inventory:

Hand Weapons
 a - a +1 hand axe (weapon)
 r - a +1 dagger of electrocution
Missiles
 e - 125 stones (quivered)
 j - 67 arrows
 k - 8 tomahawks
Armour
 b - a +0 leather armour
 h - a +2 robe of magic resistance (worn)
 m - a +1 pair of boots (worn)
 n - a +0 pair of gloves (worn)
Jewellery
 q - an uncursed amulet of magic regeneration {unknown}
Scrolls
 d - a scroll of magic mapping {unknown}
 f - 2 scrolls of remove curse {unknown}
 g - a scroll of enchant weapon {unknown}
 l - 2 scrolls of teleportation {unknown}
 o - 2 scrolls of fog {unknown}
 u - 2 scrolls of enchant armour
Potions
 p - a potion of ambrosia
 t - 2 potions of flight
Comestibles
 c - 7 rations
 i - 23 chunks of flesh


   Skills:
 + Level 4.0 Fighting
 + Level 2.8 Axes
 + Level 3.2 Armour
 + Level 2.1 Dodging
 + Level 1.3 Spellcasting
 + Level 3.3 Invocations


You had 6 spell levels left.
You didn't know any spells.
Your spell library was empty.

Dungeon Overview and Level Annotations

Branches:
Dungeon (4/15)
 Temple: D:4-7

Altars:
Gozag
Okawaru
Sif Muna

Annotations:
D:3 3 runed translucent doors, terix's ghost, novice DsNe
D:4 Grinder


Innate Abilities, Weirdness & Mutations

You cannot be hasted, slowed, berserked, paralysed or teleported.
You can dig through walls and to a lower floor.
Your four strong arms can wield two-handed weapons with a shield.
You have a pair of large antennae on your head. (SInv)


Message History

You hit Grinder but do no damage.
Grinder is lightly wounded.
Grinder hits you!
You writhe in agony.
Grinder hits you.
You are too injured to fight recklessly!
You are too injured to fight recklessly!
You are too injured to fight recklessly!
Unknown command.
You barely miss Grinder.
Grinder is lightly wounded.
Grinder closely misses you.
Grinder says, "Tell me all your secrets, or I'll kill you."
Grinder barely misses you.
You hit Grinder but do no damage.
Grinder is lightly wounded.
Grinder hits you!
* * * LOW HITPOINT WARNING * * *
You writhe in agony.
* * * LOW HITPOINT WARNING * * *
Grinder hits you.
You die...

#...#
##..# #..#
#.## ##.#
#..# #..#
#..#
#@#......
#.5##.....
#..# ##...
.... ..
##### .


You could see Grinder.

Vanquished Creatures
  A worker ant (D:4)
  Robin (D:4)
  5 adders
  2 oozes
  3 worms (D:2)
  2 dart slugs (D:1)
  A leopard gecko (D:1)
  An orc (D:4)
  2 ball pythons (D:3)
  5 bats
  14 goblins
  7 hobgoblins
  4 jackals (D:3)
  5 frilled lizards
  5 kobolds
  2 rats (D:2)
60 creatures vanquished.

Notes
Turn   | Place    | Note
-------+----------+-------------------------------------------
     0 | Abyss:1  | Descartes the Formicid Abyssal Knight began the quest for
                  | the Orb.
     0 | Abyss:1  | Reached XP level 1. HP: 18/18 MP: 2/2
    44 | Abyss:1  | Noticed a hell hound
    49 | D:1      | Escaped the Abyss
   313 | D:1      | Reached * piety under Lugonu
   313 | D:1      | Reached skill level 1 in Dodging
   401 | D:1      | Reached XP level 2. HP: 24/24 MP: 3/3
   827 | D:1      | Reached XP level 3. HP: 28/29 MP: 4/4
  1719 | D:2      | Found a faded altar of an unknown god.
  1849 | D:2      | Reached XP level 4. HP: 28/37 MP: 6/6
  2484 | D:3      | Found an iron altar of Okawaru.
  2638 | D:3      | Found a runed translucent gate.
  2638 | D:3      | Found a runed translucent gate.
  2638 | D:3      | Found a runed translucent gate.
  2697 | D:3      | Reached ** piety under Lugonu
  2821 | D:3      | Reached skill level 1 in Spellcasting
  2821 | D:3      | Reached XP level 5. HP: 23/42 MP: 7/7
  2959 | D:3      | Noticed terix's ghost (novice DsNe)
  3071 | D:3      | Found a deep blue altar of Sif Muna.
  3172 | D:4      | Found an opulent altar of Gozag.
  3201 | D:4      | Noticed Robin
  3214 | D:4      | Reached skill level 4 in Fighting
  3240 | D:4      | Killed Robin
  3370 | D:4      | Noticed Grinder
  3383 | D:4      | HP: 2/42 [Grinder (4)]
  3383 | D:4      | Slain by Grinder

Skill      XL: |  1  2  3  4  5 |
---------------+----------------+-----
Dodging        | 1 2 |  2.1
Invocations    | 3 |  3.3
Armour         | 3 |  3.2
Spellcasting   | 1 |  1.3
Fighting       | 4 |  4.0
Axes           | |  2.8

Action                   |  1- 3 |  4- 6 || total
-------------------------+-------+-------++-------
Melee: Hand axe          |    93 |   149 ||   242
Invok: Depart the Abyss  |     1 |       ||     1
 Abil: Dig               |       |     5 ||     5
  Use: Scroll            |       |     3 ||     3
       Potion            |       |     1 ||     1
 Stab: Sleeping          |       |     1 ||     1
  Eat: Chunk             |     3 |     6 ||     9
Armor: Leather armour    |     6 |       ||     6
       Robe              |    17 |    48 ||    65
Dodge: Dodged            |    57 |   105 ||   162
